 Dungeon Crawl Stone Soup version 0.20-a0-1101-g1de9d76 (webtiles) character file.

44 Alarkh the Chopper (level 3, 20/29 HPs)
             Began as a Demonspawn Berserker on May 4, 2017.
             Was a Follower of Trog.
             Got out of the dungeon alive.
             The game lasted 00:00:38 (1059 turns).

Alarkh the Chopper (Demonspawn Berserker)           Turns: 1059, Time: 00:00:39

Health: 20/29      AC:  3    Str: 17    XL:     3   Next: 41%
Magic:  3/3        EV: 12    Int:  9    God:    Trog [*.....]
Gold:   25         SH:  0    Dex: 12    Spells: 2/2 levels left

rFire    . . .     SeeInvis .   a - +0 hand axe
rCold    . . .     Gourm    .   (no shield)
rNeg     . . .     Faith    .   b - +0 animal skin
rPois    .         Spirit   .   (no helmet)
rElec    .         Reflect  .   (no cloak)
rCorr    .         Harm     .   (no gloves)
MR       .....                  (no boots)
Stlth    +.........             (no amulet)
Regen    0.1/turn               (no ring)
MPRegen  0.1/turn               (no ring)

@: no status effects
A: rugged brown scales 1, spiny 1
a: Berserk, Burn Spellbooks, Renounce Religion


You escaped.
You worshipped Trog.
Trog was aware of your devotion.
You were not hungry.

You visited 1 branch of the dungeon, and saw 2 of its levels.

You collected 25 gold pieces.

Inventory:

Hand Weapons
 a - a +0 hand axe (weapon)
Armour
 b - a +0 animal skin (worn)
Jewellery
 d - a +4 ring of slaying {unknown}
Scrolls
 i - a scroll of identify {unknown}
 j - a scroll of blinking {unknown}
Potions
 e - a potion of heal wounds {unknown}
 f - a potion of curing {unknown}
Comestibles
 c - 2 bread rations
 g - a chunk of flesh
 h - a meat ration


   Skills:
 - Level 3.0 Fighting
 + Level 4.1 Axes
 - Level 1.7 Armour
 - Level 1.7 Dodging


You had 2 spell levels left.
You didn't know any spells.

Dungeon Overview and Level Annotations

Branches:
Dungeon (2/15)

Altars:


Innate Abilities, Weirdness & Mutations

You are partially covered in rugged brown scales. (AC +1, +3% HP)
You are partially covered in sharp spines.


Message History

Things that are here:
a trident; a chain mail You feel your anger subside.
You are no longer berserk.
You are exhausted.
You feel yourself slow down.
Eating one of 2 chunks of flesh.
You eat one of the 2 chunks of flesh.
This raw flesh tastes terrible.
j - a scroll labeled YFEHOD VEMOYTU
There is a stone staircase leading up here.
You climb upwards.
There is a stone staircase leading down here.
There is an open door here.
You feel yourself speed up.
There is an open door here.
There is an open door here.
You recover from your berserk rage.
There is an open door here.
There is a staircase leading out of the dungeon here.
Are you sure you want to leave the Dungeon?
This will make you lose the game!
You have escaped!

#.⌠.'.⌠.'...'...'.#####.#.#
#...#...#...#...#.......#.#
##'##############.#.....#.#
#...#...#...#...#.........#
#.⌠.#...'.⌠.#...'.#.###....
#...#...#...#...#..........
##'#######'###'##...#......
#...#...#...#...#.........#
#.⌠.#...'.@.'...#..........
#...#...#..)#...#..........
##'###########'##....######
#...#...#...#...##...# #
#...'...'...'...##...######
#...#...#...#...##.........
##################.#.######
#...# ###.#


There were no monsters in sight!

Vanquished Creatures
  Terence (D:2)
  An ooze (D:1)
  A dart slug (D:1)
  2 giant cockroaches (D:1)
  A goblin (D:1)
  A hobgoblin (D:1)
  3 kobolds (D:1)
  A frilled lizard (D:1)
  3 rats (D:1)
14 creatures vanquished.

Notes
Turn   | Place    | Note
-------+----------+-------------------------------------------
     0 | D:1      | Alarkh the Demonspawn Berserker began the quest for the Orb.
     0 | D:1      | Reached XP level 1. HP: 18/18 MP: 1/1
   176 | D:1      | Reached skill level 3 in Axes
   277 | D:1      | Gained mutation: You are partially covered in sharp spines. [demonic ancestry]
   277 | D:1      | Reached XP level 2. HP: 11/24 MP: 2/2
   995 | D:2      | Noticed Terence
  1006 | D:2      | Killed Terence
  1006 | D:2      | Reached skill level 4 in Axes
  1006 | D:2      | Gained mutation: You are partially covered in rugged brown scales. (AC +1, +3% HP) [demonic ancestry]
  1006 | D:2      | Reached XP level 3. HP: 21/29 MP: 3/3
  1059 | D:$      | Got out of the dungeon alive.

Vault maps used:
D:1:      co_arrival_random_square_maze
D:2:      nemelex_xobeh_ov_fountains_minmay, uniq_terence

Skill      XL: |  1  2 |
---------------+-------+-----
Axes           | 3 4 |  4.1
Fighting       | |  3.0
Armour         | |  1.7
Dodging        | |  1.7

Action                   || total
-------------------------++-------
Melee: Hand axe          ||    57
Invok: Berserk           ||     1
  Eat: Chunk             ||     1
Armor: Animal skin       ||     6
Dodge: Dodged            ||    38
